 Dungeon Crawl Stone Soup version 0.21-a0-110-g8e1637b (webtiles) character file.

88410 MackTheKnife the Imperceptible (level 15, -3/80 HPs)
             Began as a Spriggan Assassin on July 7, 2017.
             Was the Champion of Kikubaaqudgha.
             Slain by an alligator (19 damage)
             ... led by an alligator
             ... on level 1 of the Swamp.
             The game lasted 01:38:54 (31620 turns).

MackTheKnife the Imperceptible (Spriggan Assassin) Turns: 31620, Time: 01:38:55

Health: -3/80      AC: 11    Str:  7    XL:     15   Next: 46%
Magic:  0/39       EV: 28    Int: 24    God:    Kikubaaqudgha [******]
Gold:   1432       SH: 12    Dex: 22    Spells: 16/34 levels left

rFire    . . .     SeeInvis +   a - +6 rapier of the Dungeon {venom, MP+9 Int+3}
rCold    . . .     Gourm    .   I - +3 warlock's mirror {reflect}
rNeg     . . .     Faith    .   r - +2 robe {MR+}
rPois    .         Spirit   +   R - +2 hat {Int+3}
rElec    +         Reflect  +   J - scarf {Spirit}
rCorr    .         Harm     .   (gloves unavailable)
MR       +++..                  (boots unavailable)
Stlth    +++++++++.             S - amulet of regeneration {+regen, !d}
HPRegen  0.63/turn              W - +3 ring of dexterity
MPRegen  0.26/turn              n - ring of flight {+Fly, !d}

@: lethally poisoned (-3 -> -3), very quick
A: unfitting armour, icy blue scales 1, yellow scales 1, see invisible,
herbivore 3, speed 3, shaggy fur 1, electricity resistance, slow metabolism 2
a: Receive Corpses, Torment, Brand Weapon With Pain, Receive Necronomicon,
Renounce Religion, Evoke Flight


You were on level 1 of the Swamp.
You worshipped Kikubaaqudgha.
Kikubaaqudgha was exalted by your worship.
You were very hungry.

You visited 9 branches of the dungeon, and saw 36 of its levels.
You also visited: Labyrinth and Sewer.

You collected 2951 gold pieces.
You spent 1519 gold pieces at shops.

Inventory:

Hand Weapons
 a - the +6 rapier of the Dungeon (weapon) {venom, MP+9 Int+3}
   (You acquired it on level 15 of the Dungeon)

   It poisons the flesh of those it strikes.
   It affects your intelligence (+3).
   It affects your magic capacity (+9).
 b - the +8 dagger "Giantbane" {freeze, rC+ Int+4}
   (You bought it in a shop on level 2 of the Orcish Mines)

   It has been specially enchanted to freeze those struck by it, causing extra
   injury to most foes and up to half again as much damage against particularly
   susceptible opponents.
   It can also slow down cold-blooded creatures.
   It affects your intelligence (+4).
   It protects you from cold.
 c - a +0 blowgun
Missiles
 e - 127 poisoned needles
 f - 15 curare-tipped needles
 o - 3 needles of confusion
 u - a throwing net {=f, !d}
Armour
 d - a +2 cloak
 r - a +2 robe of magic resistance (worn)
   (You bought it in a shop on level 2 of the Orcish Mines)
 H - a +1 robe of fire resistance
   (You took it off an orc wizard on level 7 of the Dungeon)
 I - the +3 warlock's mirror (worn) {reflect}
   (You bought it in a shop on level 7 of the Dungeon)
 J - a scarf of spirit shield (worn)
   (You found it on level 4 of the Dungeon)
 L - the +1 robe of Daffodils {Stlth+}
   (You found it in a labyrinth)

   It makes you more stealthy.
 R - a +2 hat of intelligence (worn)
   (You acquired it on level 2 of the Swamp)
Jewellery
 n - a ring of flight (right hand) {+Fly, !d}
   (You found it on level 1 of the Elven Halls)
 F - an uncursed ring of positive energy {rN+}
   (You found it on level 1 of the Lair of Beasts)
 Q - an uncursed ring of protection from cold {rC+, !d}
   (You found it on level 4 of the Dungeon)
 S - an amulet of regeneration (around neck) {+regen, !d}
   (You found it on level 5 of the Dungeon)
 W - a +3 ring of dexterity (left hand)
   (You found it on level 4 of the Lair of Beasts)
 Z - a +2 ring of protection
   (You found it on level 5 of the Lair of Beasts)
Wands
 y - a wand of digging (8/24)
   (You found it on level 1 of the Snake Pit)
 Y - a wand of lightning (0/15)
   (You found it on level 4 of the Lair of Beasts)
Scrolls
 h - 5 scrolls of enchant armour
 k - 9 scrolls of remove curse
 q - a scroll of identify
 t - 6 scrolls of fog
 C - 2 scrolls of enchant weapon
 D - a scroll of vulnerability {!r!r}
 E - a scroll of brand weapon
 M - 2 scrolls of fear
 N - 2 scrolls of magic mapping {!r}
 P - 5 scrolls of teleportation
 T - a scroll of amnesia
 X - a scroll of recharging
Potions
 i - a potion of magic
 j - 3 potions of ambrosia
 p - 9 potions of lignification {!q}
 s - 4 potions of might
 v - 5 potions of brilliance
 w - a potion of invisibility
 x - 9 potions of curing
 z - 7 potions of flight
 A - 3 potions of agility
 B - 4 potions of haste
 G - 6 potions of resistance
 K - a potion of cancellation
 V - 4 potions of heal wounds
Books
 O - a book of Battle
   (You found it on level 2 of the Swamp)
Comestibles
 g - 13 bread rations {@e1}
 l - 20 fruits
 m - 8 royal jellies


   Skills:
 - Level 10.0 Fighting
 - Level 10.0 Short Blades
 - Level 2.0 Throwing
 - Level 9.7 Dodging
 - Level 24.1 Stealth
 - Level 7.2 Shields
 + Level 10.3 Spellcasting
 + Level 7.8 Necromancy
 + Level 1.1 Ice Magic


You had 16 spell levels left.
You knew the following spells:

 Your Spells              Type           Power        Failure   Level  Hunger
a - Simulacrum            Ice/Necr       ####......   77%         6    ######.
b - Corpse Rot            Necr           N/A          1%          2    None
r - Regeneration          Chrm/Necr      ####......   3%          3    None
z - Spectral Weapon       Hex/Chrm       ##......     16%         3    None
A - Animate Dead          Necr           N/A          1%          4    #......


Dungeon Overview and Level Annotations

Branches:
Dungeon (15/15)            Temple (1/1) D:6            Lair (6/6) D:9
  Swamp (3/4) Lair:3        Snake (4/4) Lair:3        Slime (3/5) Lair:5
    Orc (2/2) D:11            Elf (1/3) Orc:2        Vaults (0/5) D:14
 Depths (1/5) D:15

Altars:
Ashenzari
Cheibriados
Dithmenos
Elyvilon
Fedhas
Gozag
Hepliaklqana
Kikubaaqudgha
Makhleb
Nemelex Xobeh
Okawaru
Qazlal
Ru
Sif Muna
Trog
Uskayaw
Vehumet
Wu Jian
Xom
Yredelemnul
Zin
The Shining One
Beogh

Shops:
D:7 [   D:15 *!   Orc:1 !   Orc:2 !([![   Snake:3 %

Annotations:
D:9 exclusion: downstairs
D:14 exclusions: bullfrog, door and vault guard
D:15 exclusion: downstairs
Lair:4 Rupert
Lair:5 exclusion: downstairs
Lair:6 yrara's ghost, journeyman DsFi
Snake:2 exclusion: downstairs
Snake:3 exclusion: salamander mystic
Orc:2 1 exclusion
Elf:1 exclusions: 2 deep elf knights, fire elemental and troll
Depths:1 exclusion: door


Innate Abilities, Weirdness & Mutations

You are very small and have problems with some larger weapons.
You are too small for most types of armour.
You have supernaturally acute eyesight. (SInv)
You are a herbivore.
You cover ground extremely quickly.
You need consume almost no food.
You are partially covered in icy blue scales. (AC +2)
You are partially covered in yellow scales. (AC +2)
You are covered in fur. (AC +1)
You are resistant to electric shocks. (rElec)


Message History

A slime creature comes into view.
You see here a wand of paralysis (?/24).
A slime creature comes into view.
A slime creature comes into view.
The spiny frog croaks.
You see here a wand of paralysis (?/24).
The alligator puts on a burst of speed!
The spiny frog closely misses you.
The slime creature quivers.
You hit the spiny frog.
The spiny frog is poisoned.
You puncture the spiny frog! You block the spiny frog's attack.
You hit the spiny frog but do no damage.
You block the spiny frog's attack.
You hit the spiny frog.
The spiny frog looks as sick as possible!
The spiny frog stings you.
You are poisoned.
The spiny frog poisons you! The alligator misses you.
The alligator tail-slaps you.
You take 5 damage, and have 75/80 hp.
You now have 37/39 mp.
You puncture the spiny frog!
You feel sick. The spiny frog completely misses you.
You block the alligator's attack. The alligator tail-slaps you!
You take 9 damage, and have 66/80 hp.
You now have 32/39 mp.
You puncture the spiny frog!
You kill the spiny frog!
Kikubaaqudgha accepts your kill.
You feel sick. The slime creature hits you!
The alligator bites you but does no damage.
You block the alligator's attack.
You take 6 damage, and have 60/80 hp.
You now have 29/39 mp.
You feel sick.
You feel sick.
You take 1 damage, and have 59/80 hp.
The alligator closely misses you. You block the alligator's attack.
There is an escape hatch in the ceiling here.
You feel sick. The alligator misses you. You block the alligator's attack.
The slime creature completely misses you.
A mysterious force pulls you upwards. The hatch slams shut behind you.
You feel sick.
You take 1 damage, and have 59/80 hp.
You hit the alligator.
The alligator is poisoned.
You are starting to lose your buoyancy.
You feel sick. You block the alligator's attack.
The alligator completely misses you.
You hit the alligator.
The alligator looks as sick as possible!
You feel sick. You block the slime creature's attack. The alligator misses you.
You block the alligator's attack.
You take 1 damage, and have 58/80 hp.
You hit the alligator but do no damage. The slime creature barely misses you.
The alligator misses you. The alligator tail-slaps you.
You take 3 damage, and have 55/80 hp.
You now have 30/39 mp.
You hit the alligator but do no damage.
The alligator looks as sick as possible!
The alligator bites you!! The alligator completely misses you.
You take 16 damage, and have 39/80 hp.
You now have 21/39 mp.
You puncture the alligator!
The alligator looks as sick as possible!
You feel sick. The slime creature hits you!
You take 5 damage, and have 34/80 hp.
You now have 18/39 mp.
You hit the alligator.
The alligator looks as sick as possible!
You block the alligator's attack. The alligator closely misses you.
The slime creature hits you but does no damage.
Unknown command.
You barely miss the alligator.
You feel sick. You block the alligator's attack. The alligator tail-slaps you.
The slime creature closely misses you.
You take 3 damage, and have 31/80 hp.
You now have 17/39 mp.
You barely miss the alligator. The alligator barely misses you.
The alligator tail-slaps you!
* * * LOW HITPOINT WARNING * * *
You take 9 damage, and have 22/80 hp.
You now have 13/39 mp.
You hit the alligator.
The alligator looks as sick as possible!
You float gracefully downwards.
The slime creature completely misses you.
You block the alligator's attack. x2
Unknown command.
Okay, then.
You feel sick. The alligator bites you!
* * * LOW HITPOINT WARNING * * *
The alligator misses you.
You take 9 damage, and have 14/80 hp.
You now have 7/39 mp.
You feel sick.
You take 1 damage, and have 13/80 hp.
You feel sick.
Aim: an alligator (severely wounded, poisoned, covering ground quickly)
You hear a mighty clap of thunder!
The bolt of lightning hits the alligator.
This wand has 1 charge left.
You feel sick.
You hear a roar!
Aim: an alligator (almost dead, poisoned, covering ground quickly)
You hear a mighty clap of thunder!
The bolt of lightning misses the alligator.
The bolt of lightning hits the slime creature.
This wand has 0 charges left.
The alligator bites you!!
You die...
Kikubaaqudgha rasps: "You have failed me!
Welcome... death!"

≈Z♣.≈≈≈.♣≈≈≈≈≈≈..##....≈♣.≈.♣♣♣≈.
♣≈Z≈≈.....§.≈≈.≈..##.....≈≈....≈♣
≈.≈Z≈.≈≈.≈≈≈.≈....♣....≈.≈≈.≈≈.♣♣
...≈..≈...≈≈.≈..J....♣.≈≈≈≈.≈≈.♣
♣♣♣≈≈≈≈.♣♣..≈≈......##♣.....≈♣≈♣♣
♣♣.≈≈≈≈.♣.....♣..........≈≈≈≈≈.♣
♣..≈≈≈.♣♣♣....♣.........≈..≈≈♣.♣
.♣..♣≈♣.♣ ♣.....t.##.....≈≈..≈≈..
..≈...≈.♣♣♣.≈...@♣###...≈≈≈≈♣≈♣..
≈≈.≈≈...♣♣..≈≈...####..≈.≈≈..≈≈..
.≈.≈♣≈≈≈Z..♣≈≈≈...##.....≈≈.≈§...
>≈§≈≈≈≈≈Z≈...≈....##...%.≈≈.≈....
≈≈.≈§§§≈.≈♣♣..≈........≈≈..≈..♣♣♣
..≈≈≈≈♣.≈≈≈≈♣≈≈........≈..♣.≈.♣♣♣
♣..≈♣≈≈≈≈≈≈≈≈≈≈≈.≈≈...§.≈♣♣♣≈≈≈Z.
♣♣.≈≈≈≈≈≈.≈≈♣≈.≈.≈≈....≈♣♣ ♣♣.≈≈≈
♣.≈≈..≈≈...≈≈≈.≈≈.≈≈≈≈.♣ ♣≈..≈


You could see an alligator and a slime creature.

Vanquished Creatures
  Aizul (Snake:1)
  A very ugly thing (Depths:1)
  An ettin (Orc:2)
  A merfolk javelineer (Depths:1)
  A minotaur (Lab)
  2 great orbs of eyes
  Fannar (Lair:2)
  5 hydras
  4 naga warriors
  An anaconda (Snake:1)
  A catoblepas (Lair:6)
  A centaur warrior (D:14)
  2 ice dragons (D:15)
  A queen ant (D:9)
  A two-headed ogre (Orc:1)
  4 alligators (Swamp:2)
  A naga sharpshooter (Snake:1)
  4 orc high priests (Orc:2)
  4 death yaks
  Urug (Lair:2)
  Nergalle (Lair:2)
  2 shock serpents (Snake:2)
  Sonja (Lair:2)
  An unseen horror (shapeshifter) (D:15)
  A shambling mangrove (Swamp:1)
  Pikel (D:4)
  6 orc knights
  3 orc sorcerers (Orc:2)
  5 deep elf magi
  2 mana vipers
  4 salamanders
  An oklob plant (Orc:1)
  An ugly thing (D:11)
  A manticore (D:12)
  2 centaur zombies
  6 naga magi
  17 black mambas
  An elephant (Lair:5)
  3 gargoyles
  4 spiny frogs
  2 guardian serpents
  A rime drake (Lair:4)
  5 komodo dragons
  6 trolls
  4 polar bears
  A minotaur skeleton (Lab)
  4 hornets
  2 tyrant leeches (Swamp:1)
  3 blink frogs (Lair:5)
  Grinder (D:6)
  A meliai zombie (D:14)
  8 hippogriffs
  A bog body (Swamp:1)
  4 dream sheep (Lair:5)
  3 slime creatures
  A spriggan (Swamp:2)
  3 wyverns
  2 shadows
  2 flying skulls
  A vampire (D:14)
  31 yaks
  Eustachio (D:6)
  6 vampire mosquitoes
  2 basilisks
  3 wargs
  2 swamp worms
  4 soldier ants
  13 nagas
  11 water moccasins
  7 porcupines
  Duvessa (D:5)
  3 swamp drakes (Swamp:1)
  35 orc warriors
  5 sky beasts
  A slave (D:4)
  2 necrophages
  An eye of draining (Slime:1)
  2 phantoms
  9 ice beasts
  2 black bears
  2 wolves (Lair:5)
  The ghost of MackTheKnife the Cudgeler, an amateur DsCK of Xom (D:3)
  10 ogres
  17 centaurs
  5 crocodiles
  6 big kobolds
  13 bullfrogs
  Dowan (D:5)
  2 scorpions
  2 water moccasin skeletons
  5 killer bees (D:9)
  9 howler monkeys
  An electric eel (Lair:3)
  4 crimson imps
  6 hounds
  22 orc priests
  4 jellies
  2 centaur skeletons
  Natasha (thrice) (D:2)
  37 worker ants
  Ijyb (D:3)
  5 iguanas
  21 orc wizards
  A hound skeleton (D:5)
  8 gnolls
  19 adders
  A shadow imp (D:9)
  4 oozes
  An adder skeleton (D:5)
  An adder zombie (D:9)
  15 dart slugs
  3 worms
  6 leopard geckos
  94 orcs
  6 giant cockroaches
  19 goblins
  7 hobgoblins
  2 jackals (D:9)
  5 quokkas
  6 ball pythons
  7 bats
  6 frilled lizards
  24 kobolds
  A leopard gecko zombie (D:8)
  A quokka zombie (D:7)
  9 rats
722 creatures vanquished.

Vanquished Creatures (collateral kills)
  5 naga warriors
  An anaconda (Snake:2)
  A shock serpent (Snake:2)
  A swamp dragon (Swamp:2)
  A naga ritualist (Snake:2)
  2 slime creatures (Swamp:1)
  A manticore (D:13)
  3 black mambas
  A guardian serpent (Snake:2)
  A spiny frog (Swamp:2)
  A naga mage (Snake:2)
  A centaur skeleton (D:13)
  A komodo dragon (Swamp:2)
  A hornet (Swamp:1)
  A tyrant leech (Swamp:1)
  2 spriggans (Swamp:2)
  A swamp worm (Swamp:2)
  8 nagas
  A swamp drake (Swamp:1)
  An ogre (D:13)
  2 worker ants (D:9)
37 creatures vanquished.

Vanquished Creatures (others)
  A centaur warrior (D:15)
  An orc sorcerer (Orc:2)
  3 water elementals (Depths:1)
  A soldier ant (D:9)
  2 centaurs
  An orc priest (D:11)
  13 fungi
  5 plants
27 creatures vanquished.

Grand Total: 786 creatures vanquished

Notes
Turn   | Place    | Note
-------+----------+-------------------------------------------
     0 | D:1      | MackTheKnife the Spriggan Assassin began the quest for the Orb.
     0 | D:1      | Reached XP level 1. HP: 10/10 MP: 2/2
   152 | D:1      | Reached skill level 6 in Stealth
   345 | D:1      | Reached XP level 2. HP: 14/14 MP: 3/3
   403 | D:1      | Reached skill level 7 in Stealth
   969 | D:2      | Reached XP level 3. HP: 10/18 MP: 4/4
  1110 | D:2      | Found an opulent altar of Gozag.
  1173 | D:2      | Noticed Natasha
  1268 | D:3      | Reached skill level 8 in Stealth
  1268 | D:3      | Reached XP level 4. HP: 18/22 MP: 5/5
  1362 | D:3      | Noticed MackTheKnife's ghost (amateur DsCK)
  1455 | D:3      | Noticed Ijyb
  1484 | D:3      | Killed Ijyb
  1484 | D:3      | Reached skill level 9 in Stealth
  1523 | D:3      | Found a glowing drain.
  1524 | D:3      | Found a snail-covered altar of Cheibriados.
  1696 | D:3      | Reached XP level 5. HP: 20/25 MP: 6/6
  1747 | Sewer    | Entered a sewer
  1922 | Sewer    | Reached skill level 10 in Stealth
  2254 | Sewer    | Reached skill level 11 in Stealth
  2254 | Sewer    | Reached XP level 6. HP: 12/30 MP: 7/7
  2497 | Sewer    | Reached skill level 12 in Stealth
  2622 | D:4      | Reached XP level 7. HP: 29/33 MP: 8/8
  2795 | D:5      | Entered Level 5 of the Dungeon
  2880 | D:6      | Reached skill level 13 in Stealth
  2959 | D:7      | Noticed a hippogriff
  2960 | D:7      | Killed a hippogriff
  2960 | D:7      | Reached skill level 14 in Stealth
  2966 | D:7      | Reached XP level 8. HP: 32/37 MP: 9/9
  3167 | D:8      | Reached skill level 15 in Stealth
  3190 | D:8      | Found a sparkling altar of Nemelex Xobeh.
  3692 | D:8      | Found a bloodstained altar of Trog.
  3751 | D:8      | Reached skill level 16 in Stealth
  3849 | D:9      | HP: 6/37 [big kobold (5)]
  4177 | D:9      | Found a staircase to the Lair.
  4411 | D:8      | Found a hazy altar of Hepliaklqana.
  4611 | Lair:1   | Entered Level 1 of the Lair of Beasts
  4866 | Lair:1   | Reached skill level 17 in Stealth
  4900 | Lair:1   | Noticed a hippogriff
  4907 | Lair:1   | Killed a hippogriff
  4931 | Lair:1   | Reached XP level 9. HP: 16/41 MP: 10/10
  5498 | Lair:1   | Reached skill level 18 in Stealth
  5498 | Lair:1   | HP: 10/41 [poisoned by a water moccasin]
  5971 | Lair:2   | Noticed a spiny frog
  5974 | Lair:2   | Killed a spiny frog
  5974 | Lair:2   | Reached skill level 19 in Stealth
  6080 | Lair:4   | Noticed Rupert
  6080 | Lair:4   | Paralysed by Rupert for 5 turns
  6092 | Lair:4   | Noticed a rime drake
  6093 | Lair:4   | Killed a rime drake
  6322 | Lair:4   | Reached skill level 20 in Stealth
  6536 | Lair:5   | Found a labyrinth entrance.
  6545 | Lab      | Entered a labyrinth
  6607 | Lab      | Noticed a gargoyle
  6613 | Lab      | Killed a gargoyle
  6613 | Lab      | Reached XP level 10. HP: 46/46 MP: 11/11
  6662 | Lab      | Noticed a minotaur
  6677 | Lab      | HP: 9/46 [minotaur (17)]
  6681 | Lab      | Killed a minotaur
  6681 | Lab      | Reached skill level 21 in Stealth
  6692 | Lab      | Got a distressingly furry robe
  6706 | Lab      | Identified the +1 robe of Daffodils {Stlth+} (You found it in a labyrinth)
  6772 | Lair:5   | Found a staircase to the Slime Pits.
  6793 | Slime:1  | Entered Level 1 of the Pits of Slime
  6793 | Slime:1  | Noticed a great orb of eyes
  6796 | Slime:1  | Killed a great orb of eyes
  6796 | Slime:1  | Reached skill level 22 in Stealth
  6810 | Slime:3  | Noticed an acid blob
  6818 | Slime:1  | HP: 11/46 [acid (8)]
  7052 | Lair:6   | Entered Level 6 of the Lair of Beasts
  7052 | Lair:6   | Noticed a five-headed hydra
  7069 | Lair:6   | Noticed an elephant
  7070 | Lair:6   | Noticed an elephant
  7110 | Lair:6   | Noticed a death yak
  7111 | Lair:6   | Noticed a death yak
  7111 | Lair:6   | Noticed a death yak
  7112 | Lair:6   | Noticed a death yak
  7114 | Lair:6   | Noticed a death yak
  7115 | Lair:6   | Noticed yrara's ghost (journeyman DsFi)
  7127 | Lair:6   | Noticed a death yak
  7128 | Lair:6   | Noticed an elephant
  7129 | Lair:6   | Killed a death yak
  7130 | Lair:6   | Noticed a black mamba
  7188 | Lair:6   | Noticed a spiny frog
  7390 | Lair:6   | Noticed a seven-headed hydra
  7391 | Lair:6   | Noticed a death yak
  7391 | Lair:6   | Noticed a death yak
  7391 | Lair:6   | Noticed a manticore
  7398 | Lair:6   | Noticed a catoblepas
  7400 | Lair:6   | Noticed a lindwurm
  7410 | Lair:6   | Noticed a manticore
  7410 | Lair:6   | Noticed a catoblepas
  7410 | Lair:6   | Noticed an eight-headed hydra
  7410 | Lair:6   | Noticed a death yak
  7414 | Lair:6   | Killed a catoblepas
  7414 | Lair:6   | Reached skill level 23 in Stealth
  7629 | Lair:3   | Reached XP level 11. HP: 49/49 MP: 12/12
  7643 | Lair:3   | Noticed a seven-headed hydra
  7653 | Lair:3   | Killed a seven-headed hydra
  7712 | Lair:2   | Noticed Urug
  7712 | Lair:2   | Noticed Nergalle
  7733 | Lair:2   | Killed Urug
  7736 | Lair:2   | Killed Nergalle
  7736 | Lair:2   | Reached skill level 24 in Stealth
  7820 | Lair:2   | Noticed Fannar
  8040 | D:10     | Entered Level 10 of the Dungeon
  8059 | D:11     | Reached skill level 2 in Dodging
  8437 | D:10     | Reached skill level 2 in Fighting
  8459 | D:10     | Identified a scroll of acquirement
  8583 | D:10     | Reached skill level 3 in Short Blades
  8676 | D:10     | Reached skill level 3 in Dodging
  9110 | D:9      | Reached skill level 4 in Dodging
  9115 | D:9      | Reached skill level 4 in Short Blades
  9490 | D:12     | Noticed a cyan ugly thing
  9540 | D:11     | Reached skill level 3 in Fighting
  9663 | D:12     | Got a brightly glowing mace
  9811 | D:12     | HP: 9/52 [barbs]
  9816 | D:12     | HP: 9/52 [barbs]
  9818 | D:11     | Noticed a red ugly thing
 10070 | D:11     | Killed a red ugly thing
 10070 | D:11     | Reached skill level 5 in Dodging
 10079 | D:11     | Gained mutation: Your spells are a little easier to cast, but a little less powerful. [potion of mutation]
 10079 | D:11     | Gained mutation: Your mind is acute. (Int +2) [potion of mutation]
 10079 | D:11     | Gained mutation: You have large cloven feet. [potion of mutation]
 10620 | D:8      | Found a sacrificial altar of Ru.
 10951 | D:7      | Found Ithawn's Armour Shop.
 10965 | D:7      | Bought the +3 warlock's mirror {reflect} for 400 gold pieces
 11047 | D:7      | Found a radiant altar of Vehumet.
 11551 | D:6      | Found a staircase to the Ecumenical Temple.
 11554 | D:6      | Noticed Grinder
 11561 | D:6      | Killed Grinder
 11561 | D:6      | Reached skill level 1 in Shields
 11568 | Temple   | Entered the Ecumenical Temple
 11654 | Temple   | Became a worshipper of Kikubaaqudgha
 11748 | D:6      | Found an ornate altar of the Wu Jian Council.
 11803 | D:6      | Found a deep blue altar of Sif Muna.
 11894 | D:6      | Noticed Eustachio
 11899 | D:6      | Killed Eustachio
 12068 | D:6      | Reached skill level 2 in Shields
 12258 | D:5      | Found a burning altar of Makhleb.
 12260 | D:5      | Found an iron altar of Okawaru.
 12561 | D:4      | Found a stormy altar of Qazlal.
 12743 | D:4      | Found a basalt altar of Yredelemnul.
 12877 | D:4      | Reached * piety under Kikubaaqudgha
 12877 | D:4      | Identified Kikubaaqudgha's Tome of Sinister Arts (Kikubaaqudgha gifted it to you on level 4 of the Dungeon)
 12877 | D:4      | Received a gift from Kikubaaqudgha
 12945 | D:4      | Noticed Pikel
 12958 | D:4      | Killed Pikel
 13080 | D:4      | Found a glowing golden altar of the Shining One.
 13082 | D:4      | Noticed an angel
 13429 | D:3      | Killed MackTheKnife's ghost
 13681 | D:2      | Killed Natasha
 13733 | D:2      | Noticed Natasha
 13737 | D:2      | Killed Natasha
 13770 | D:2      | Reached skill level 3 in Shields
 13814 | D:2      | Reached ** piety under Kikubaaqudgha
 14064 | D:2      | Noticed Natasha
 14080 | D:2      | Killed Natasha
 14367 | D:5      | Noticed Duvessa
 14372 | D:5      | Killed Duvessa
 14373 | D:5      | Noticed Dowan
 14391 | D:5      | Killed Dowan
 14424 | D:5      | Reached XP level 12. HP: 54/56 MP: 13/13
 14897 | D:9      | Noticed a queen ant
 14913 | D:9      | Killed a queen ant
 14913 | D:9      | Reached skill level 4 in Shields
 15169 | D:9      | Reached *** piety under Kikubaaqudgha
 15169 | D:9      | Identified Kikubaaqudgha's Catalogue of Sinister Rites (Kikubaaqudgha gifted it to you on level 9 of the Dungeon)
 15169 | D:9      | Received a gift from Kikubaaqudgha
 15416 | D:10     | Reached skill level 5 in Shields
 15769 | D:11     | Found a roughly hewn altar of Beogh.
 15769 | D:11     | Found a staircase to the Orcish Mines.
 15899 | D:10     | Reached skill level 6 in Shields
 15972 | D:10     | Learned a level 4 spell: Animate Dead
 16111 | D:10     | HP: 14/56 [yak (10)]
 16134 | D:10     | Reached **** piety under Kikubaaqudgha
 16523 | D:13     | Found an iron altar of Okawaru.
 16728 | D:13     | Reached skill level 7 in Shields
 16946 | D:11     | Reached skill level 5 in Short Blades
 16997 | D:9      | Reached skill level 6 in Dodging
 17594 | Orc:1    | Entered Level 1 of the Orcish Mines
 17597 | Orc:2    | Entered Level 2 of the Orcish Mines
 17920 | D:13     | Reached skill level 4 in Fighting
 18005 | D:13     | Reached skill level 7 in Dodging
 18085 | D:13     | Reached ***** piety under Kikubaaqudgha
 18374 | D:13     | Reached skill level 6 in Short Blades
 18392 | D:13     | Found a blossoming altar of Fedhas.
 18558 | D:14     | Reached skill level 8 in Dodging
 18611 | D:14     | Found a gate to the Vaults.
 18611 | D:14     | Noticed a vault guard
 18611 | D:14     | Noticed a vault guard
 18611 | D:14     | Noticed a vault guard
 18611 | D:14     | Noticed a centaur warrior
 18611 | D:14     | Noticed a tengu warrior
 18752 | D:14     | Noticed a centaur warrior
 18754 | D:14     | Reached XP level 13. HP: 63/63 MP: 14/14
 18765 | D:14     | Reached skill level 7 in Short Blades
 19031 | D:15     | Entered Level 15 of the Dungeon
 19031 | D:15     | Found Vanlafeith's Elemental Accessories.
 19127 | D:15     | HP: 5/63 [centaur warrior (14)]
 19227 | D:15     | Got a shimmering rapier
 19228 | D:15     | Identified the +6 rapier of the Dungeon {venom, MP+9 Int+3} (You acquired it on level 15 of the Dungeon)
 19302 | D:15     | Found Umacif's Distillery.
 19309 | D:15     | Bought a potion of might for 60 gold pieces
 19309 | D:15     | Bought a potion of curing for 45 gold pieces
 19572 | D:15     | Reached skill level 8 in Short Blades
 19646 | D:15     | Found a staircase to the Depths.
 19843 | Depths:1 | Entered Level 1 of the Depths
 19843 | Depths:1 | Noticed a merfolk javelineer
 19846 | Depths:1 | Killed a merfolk javelineer
 19846 | Depths:1 | Reached skill level 9 in Short Blades
 19849 | Depths:1 | Noticed a stone giant
 19849 | Depths:1 | Noticed a fire dragon
 19855 | Depths:1 | Noticed a white very ugly thing
 19861 | Depths:1 | Killed a white very ugly thing
 19861 | Depths:1 | Reached skill level 5 in Fighting
 20970 | Lair:1   | Reached skill level 6 in Fighting
 21212 | Lair:2   | Noticed Sonja
 21244 | Lair:2   | Killed Sonja
 21657 | Lair:2   | Lost mutation: Your mind is acute. (Int +2) [potion of mutation]
 21657 | Lair:2   | Lost mutation: Your spells are a little easier to cast, but a little less powerful. [potion of mutation]
 21657 | Lair:2   | Lost mutation: You have large cloven feet. [potion of mutation]
 21657 | Lair:2   | Gained mutation: You are partially covered in icy blue scales. (AC +2) [potion of mutation]
 21657 | Lair:2   | Gained mutation: You are covered in fur. (AC +1) [potion of mutation]
 21657 | Lair:2   | Gained mutation: You are partially covered in yellow scales. (AC +2) [potion of mutation]
 21657 | Lair:2   | Gained mutation: You are resistant to electric shocks. (rElec) [potion of mutation]
 21730 | Lair:3   | Found a staircase to the Snake Pit.
 21913 | Lair:3   | Found a staircase to the Swamp.
 22095 | Lair:4   | Reached skill level 7 in Fighting
 22863 | Lair:5   | Reached skill level 8 in Fighting
 23814 | Lair:5   | Reached skill level 9 in Fighting
 24219 | Snake:1  | Entered Level 1 of the Snake Pit
 24226 | Snake:1  | Noticed Aizul
 24426 | Orc:1    | Reached XP level 14. HP: 56/75 MP: 15/15
 24533 | Orc:1    | Reached ****** piety under Kikubaaqudgha
 24572 | Orc:1    | Found Rastiest's Distillery.
 24586 | Orc:1    | Bought a potion of heal wounds for 50 gold pieces
 24586 | Orc:1    | Bought a potion of heal wounds for 50 gold pieces
 25020 | Orc:2    | Found a staircase to the Elven Halls.
 25377 | Elf:1    | Entered Level 1 of the Elven Halls
 25404 | Orc:2    | Reached skill level 10 in Fighting
 25556 | Orc:2    | Found a roughly hewn altar of Beogh.
 26256 | Orc:2    | Reached skill level 9 in Dodging
 26395 | Orc:2    | Found Xurr's Armour Shoppe.
 26664 | Orc:2    | Reached skill level 10 in Short Blades
 26937 | Orc:2    | Reached skill level 1 in Spellcasting
 26937 | Orc:2    | Reached skill level 1 in Necromancy
 26962 | Orc:2    | Reached skill level 2 in Spellcasting
 27139 | Orc:2    | Reached skill level 2 in Necromancy
 27197 | Orc:2    | Found Fuel's Armour Boutique.
 27197 | Orc:2    | Found Goclekug's Distillery.
 27206 | Orc:2    | Reached skill level 3 in Spellcasting
 27209 | Orc:2    | Found Guashrih's Distillery.
 27209 | Orc:2    | Found Plog's Antique Weapon Emporium.
 27228 | Orc:2    | Bought a slimy dagger for 203 gold pieces
 27231 | Orc:2    | Bought a +2 robe of magic resistance for 247 gold pieces
 27244 | Orc:2    | Bought 2 potions of might for 104 gold pieces
 27244 | Orc:2    | Bought a potion of might for 52 gold pieces
 27247 | Orc:2    | Bought a potion of invisibility for 112 gold pieces
 27247 | Orc:2    | Bought a potion of might for 56 gold pieces
 27247 | Orc:2    | Bought a potion of haste for 140 gold pieces
 27249 | Orc:2    | Identified the +8 dagger "Giantbane" {freeze, rC+ Int+4} (You bought it in a shop on level 2 of the Orcish Mines)
 27562 | Elf:1    | Reached skill level 4 in Spellcasting
 27562 | Elf:1    | Reached skill level 3 in Necromancy
 27784 | Swamp:1  | Entered Level 1 of the Swamp
 27922 | Snake:1  | Reached skill level 5 in Spellcasting
 28031 | Snake:1  | Reached skill level 4 in Necromancy
 28351 | Snake:1  | Reached skill level 6 in Spellcasting
 28565 | Snake:1  | Reached skill level 5 in Necromancy
 28583 | Snake:1  | Learned a level 3 spell: Regeneration
 28661 | Snake:2  | Reached skill level 7 in Spellcasting
 29075 | Snake:1  | Killed Aizul
 29311 | Snake:2  | Reached XP level 15. HP: 80/80 MP: 27/27
 29358 | Snake:1  | Reached skill level 6 in Necromancy
 29554 | Snake:2  | Reached skill level 8 in Spellcasting
 29839 | Snake:2  | Reached skill level 9 in Spellcasting
 30028 | Snake:3  | Noticed a nagaraja
 30032 | Snake:4  | Entered Level 4 of the Snake Pit
 30146 | Snake:3  | Found Coron's Food Boutique.
 30325 | Snake:3  | Reached skill level 7 in Necromancy
 30533 | Lair:2   | Killed Fannar
 30587 | Lair:1   | Learned a level 6 spell: Simulacrum
 30590 | Lair:1   | Learned a level 2 spell: Corpse Rot
 31119 | Swamp:1  | You fall through a shaft!
 31137 | Swamp:2  | Reached skill level 10 in Spellcasting
 31409 | Swamp:2  | Reached skill level 1 in Ice Magic
 31528 | Swamp:2  | Learned a level 3 spell: Spectral Weapon
 31609 | Swamp:1  | HP: 14/80 [alligator[an alligator] (9)]
 31614 | Swamp:1  | HP: 14/80 [poisoned by a spiny frog]
 31619 | Swamp:1  | HP: 15/80 [poisoned by a spiny frog]
 31620 | Swamp:1  | Slain by an alligator

Vault maps used:
D:1:      minmay_arrival_widening_spiral_wide
D:2:      lemuel_doored_altar, first_bread, uniq_natasha
D:3:      cheibriados_altar_1, gup_sewer_entry_glass, uniq_ijyb
D:4:      cheibrodos_greedy_goblins, grunt_temple_overflow_holy_war,
          nicolae_qazlal_style_of_elements, uniq_pikel
D:5:      lemuel_crystal_altar, nicolae_overflow_crystal_walls, uniq_duvessa
D:6:      led_sif_pool, old_standard_altar, minmay_temple_entry_statues_pillars,
          chequers_ossuary_entry_cave, uniq_eustachio, uniq_grinder
D:7:      kennysheep_slugbush, kennysheep_little_box, serial_shops,
          nicolae_shop_temple_entry_statues_fountains
D:8:      nemelex_altar_shiori, bloody_trog, nicolae_overflow_hidden_temple,
          nicolae_ru_sacrificial_ziggurat, grunt_ogre_cave, amethyst_killhole
D:9:      dpeg_oklobed_lair, serial_bayou, serial_bayou_pond_a,
          serial_bayou_lake_a, serial_bayou_pond_d, serial_bayou_ford_a,
          zaba_antful_of_joy
D:10:     due_unseen_surprise
D:11:     david_orc_5, minivault_10
D:12:     minivault_25_ag, serial_bayou_pond_b, minivault_1,
          minmay_guarded_unrand_skullcrusher
D:13:     basic_altar, portal_ice_cave_entry_ice_beasts, fedhas_altar_fruit_tree
D:14:     lightli_vaults_fourway_checkpoint, uniq_louise, uniq_kirke
D:15:     grunt_enter_depths_hoard, serial_bayou_pond_a, serial_shops,
          nicolae_shop_crystal, nicolae_elemental_shop
Temple:   dpeg_three_leaves_temple
Lair:1:   infiniplex_staircase_pool
Lair:2:   uniq_fannar, uniq_sonja, uniq_urug, uniq_nergalle
Lair:3:   swamp_mist_pool, guppyfry_snake_entry_island, grunt_megastairs_1
Lair:4:   uniq_rupert
Lair:5:   minmay_slime_entry_pillars, lab_entry_generic, lookout_lair_type,
          lemuel_fruit_tree
Lair:6:   hangedman_lair_caniforms_friends, hangedman_lair_in_review
Swamp:1:  nicolae_swamp_rocky_clearing, swamp_pool2
Swamp:2:  evilmike_swamp_ruin_house_2, uniq_nikola
Swamp:3:  nicolae_swamp_godswood
Snake:1:  nicolae_coiled_stairwell_down, grunt_megastairs_3, uniq_aizul
Snake:3:  serial_shops, shop
Snake:4:  snake_pit, basic_altar
Slime:2:  nicolae_slime_barrier
Orc:1:    serial_shops, shop, mines3_lemuel
Orc:2:    grunt_orc_tribal_feast, serial_shops, shop, mines2_david
Elf:1:    eino_elf_arrival_sip, minivault_28, evilmike_ambush, uniq_roxanne
Depths:1: hell_entry, kennysheep_nub, rand_demon_pan_entry_8,
          lemuel_freeze_loot_1, firewood_loft, kennysheep_cross_landing
Lab:      nicolae_lab_dead_adventurers, lab_hedge, lab_statue,
          nicolae_lab_do_over, nicolae_lab_very_dead_end, nicolae_lab_quarters,
          nicolae_lab_dead_end, nicolae_lab_swirl, labyrinth_lava_lair
Sewer:    kennysheep_pipe_town

Skill      XL: |  1  2  3  4  5  6  7  8  9 10 11 12 13 14 15 |
---------------+----------------------------------------------+-----
Stealth        | 6 7 8 9 11 12 14 17 20 23 24 | 24.1
Dodging        | 5 8 9 |  9.7
Fighting       | 3 4 9 10 | 10.0
Short Blades   | 4 6 9 10 | 10.0
Shields        | 3 7 |  7.2
Spellcasting   | 7 10 | 10.3
Necromancy     | 5 7 |  7.8
Ice Magic      | 1 |  1.1
Throwing       | |  2.0

Action                   |  1- 3 |  4- 6 |  7- 9 | 10-12 | 13-15 || total
-------------------------+-------+-------+-------+-------+-------++-------
Melee: Dagger            |    60 |   192 |   208 |   405 |     2 ||   867
       Short sword       |       |       |       |   971 |       ||   971
       Kick              |       |       |       |   373 |    49 ||   422
       Scimitar          |       |       |       |   195 |    87 ||   282
       Rapier            |       |       |       |       |  1516 ||  1516
 Fire: Blowgun           |     4 |     9 |    21 |     8 |    24 ||    66
Throw: Throwing net      |       |       |       |     4 |       ||     4
 Cast: Animate Dead      |       |       |       |       |    20 ||    20
       Regeneration      |       |       |       |       |     1 ||     1
Invok: Receive Corpses   |       |       |       |       |    19 ||    19
 Abil: Evoke Flight      |       |       |       |       |     3 ||     3
Evoke: Wand              |       |       |     3 |    48 |    10 ||    61
  Use: Scroll            |       |    11 |    13 |    20 |    13 ||    57
       Potion            |       |       |     1 |     7 |    11 ||    19
 Stab: Sleeping          |    10 |    21 |    30 |    91 |    47 ||   199
       Distracted        |     1 |       |       |    16 |    23 ||    40
       Confused          |     1 |     3 |     6 |    20 |       ||    30
       Invisible         |       |       |       |     2 |     3 ||     5
       Paralysed         |       |       |       |     3 |       ||     3
       Held in net/web   |       |       |       |     3 |       ||     3
  Eat: Bread ration      |       |       |     1 |     1 |     3 ||     5
       Fruit             |       |       |       |     4 |       ||     4
       Royal jelly       |       |       |       |     2 |       ||     2
Armor: Robe              |     3 |    23 |    19 |    58 |    90 ||   193
Dodge: Dodged            |    45 |   160 |   125 |   697 |   994 ||  2021
Block: Other             |       |       |    16 |    20 |       ||    36
       Reflection        |       |       |     5 |    13 |    51 ||    69
       Buckler           |       |       |       |   418 |   793 ||  1211
       Rpst.: Scimitar   |       |       |       |    39 |    17 ||    56

Vault maps used:
D:1:      minmay_arrival_widening_spiral_wide
D:2:      lemuel_doored_altar, first_bread, uniq_natasha
D:3:      cheibriados_altar_1, gup_sewer_entry_glass, uniq_ijyb
D:4:      cheibrodos_greedy_goblins, grunt_temple_overflow_holy_war,
          nicolae_qazlal_style_of_elements, uniq_pikel
D:5:      lemuel_crystal_altar, nicolae_overflow_crystal_walls, uniq_duvessa
D:6:      led_sif_pool, old_standard_altar, minmay_temple_entry_statues_pillars,
          chequers_ossuary_entry_cave, uniq_eustachio, uniq_grinder
D:7:      kennysheep_slugbush, kennysheep_little_box, serial_shops,
          nicolae_shop_temple_entry_statues_fountains
D:8:      nemelex_altar_shiori, bloody_trog, nicolae_overflow_hidden_temple,
          nicolae_ru_sacrificial_ziggurat, grunt_ogre_cave, amethyst_killhole
D:9:      dpeg_oklobed_lair, serial_bayou, serial_bayou_pond_a,
          serial_bayou_lake_a, serial_bayou_pond_d, serial_bayou_ford_a,
          zaba_antful_of_joy
D:10:     due_unseen_surprise
D:11:     david_orc_5, minivault_10
D:12:     minivault_25_ag, serial_bayou_pond_b, minivault_1,
          minmay_guarded_unrand_skullcrusher
D:13:     basic_altar, portal_ice_cave_entry_ice_beasts, fedhas_altar_fruit_tree
D:14:     lightli_vaults_fourway_checkpoint, uniq_louise, uniq_kirke
D:15:     grunt_enter_depths_hoard, serial_bayou_pond_a, serial_shops,
          nicolae_shop_crystal, nicolae_elemental_shop
Temple:   dpeg_three_leaves_temple
Lair:1:   infiniplex_staircase_pool
Lair:2:   uniq_fannar, uniq_sonja, uniq_urug, uniq_nergalle
Lair:3:   swamp_mist_pool, guppyfry_snake_entry_island, grunt_megastairs_1
Lair:4:   uniq_rupert
Lair:5:   minmay_slime_entry_pillars, lab_entry_generic, lookout_lair_type,
          lemuel_fruit_tree
Lair:6:   hangedman_lair_caniforms_friends, hangedman_lair_in_review
Swamp:1:  nicolae_swamp_rocky_clearing, swamp_pool2
Swamp:2:  evilmike_swamp_ruin_house_2, uniq_nikola
Swamp:3:  nicolae_swamp_godswood
Snake:1:  nicolae_coiled_stairwell_down, grunt_megastairs_3, uniq_aizul
Snake:3:  serial_shops, shop
Snake:4:  snake_pit, basic_altar
Slime:2:  nicolae_slime_barrier
Orc:1:    serial_shops, shop, mines3_lemuel
Orc:2:    grunt_orc_tribal_feast, serial_shops, shop, mines2_david
Elf:1:    eino_elf_arrival_sip, minivault_28, evilmike_ambush, uniq_roxanne
Depths:1: hell_entry, kennysheep_nub, rand_demon_pan_entry_8,
          lemuel_freeze_loot_1, firewood_loft, kennysheep_cross_landing
Lab:      nicolae_lab_dead_adventurers, lab_hedge, lab_statue,
          nicolae_lab_do_over, nicolae_lab_very_dead_end, nicolae_lab_quarters,
          nicolae_lab_dead_end, nicolae_lab_swirl, labyrinth_lava_lair
Sewer:    kennysheep_pipe_town

Table legend:
 A = Turns spent in this place as a percentage of turns spent in the entire game.
 B = Non-inter-level travel turns spent in this place as a percentage of non-inter-level travel turns spent in the entire game.
 C = Inter-level travel turns spent in this place as a percentage of turns spent in this place.
 D = Turns resting spent in this place as a percentage of non-inter-level travel turns spent in this place.
 E = Turns spent auto-exploring this place as a percentage of non-inter-level travel turns spent in this place.
 F = Non-inter-level travel turns spent in this place divided by the number of levels of this place that you've seen.
                   A       B       C       D       E      F
               +-------+-------+-------+-------+-------+----------------------
         Total | 100.0 | 100.0 |   0.7 |   1.7 |   4.4 | 361.5
       Dungeon |  51.9 |  52.0 |   0.6 |   1.7 |   4.9 | 475.9
        Temple |   0.2 |   0.2 |   3.0 |   0.0 |  15.6 |  32.0
          Lair |  15.7 |  15.6 |   1.8 |   2.1 |   3.6 | 356.7
         Swamp |   4.4 |   4.4 |   0.0 |   2.3 |   3.0 | 202.3
     Snake Pit |   9.4 |   9.4 |   0.6 |   1.7 |   4.0 | 322.2
    Slime Pits |   0.2 |   0.2 |   0.0 |   0.0 |   0.0 |   9.0
  Orcish Mines |  13.8 |  13.8 |   0.5 |   1.2 |   4.0 | 949.5
   Elven Halls |   0.9 |   0.9 |   0.0 |   0.0 |   3.4 | 118.0
        Depths |   0.7 |   0.7 |   0.0 |   0.0 |   0.0 |  98.0
     Labyrinth |   1.3 |   1.3 |   0.0 |   0.0 |   0.0 | 175.0
         Sewer |   1.5 |   1.6 |   0.0 |   2.8 |   9.4 | 213.0
               +-------+-------+-------+-------+-------+----------------------

Table legend:
 A = Kills in this place as a percentage of kills in entire the game.
 B = Kills by you in this place as a percentage of kills by you in the entire game.
 C = Kills by friends in this place as a percentage of kills by friends in the entire game.
 D = Other kills in this place as a percentage of other kills in the entire game.
 E = Experience gained in this place as a percentage of experience gained in the entire game.
 F = Experience gained in this place divided by the number of levels of this place that you have seen.
                   A       B       C       D       E      F
               +-------+-------+-------+-------+-------+----------------------
         Total | 100.0 | 100.0 | 100.0 | 100.0 | 100.0 | 3323.7
       Dungeon |  55.0 |  56.8 |  13.5 |  87.5 |  26.4 | 2225.7
          Lair |  11.5 |  12.3 |   0.0 |   0.0 |  21.0 | 4422.7
         Swamp |   4.5 |   3.2 |  29.7 |   0.0 |   7.9 | 3344.0
     Snake Pit |   9.2 |   6.8 |  56.8 |   0.0 |  23.0 | 7275.0
    Slime Pits |   0.3 |   0.3 |   0.0 |   0.0 |   0.9 | 379.0
  Orcish Mines |  15.3 |  16.2 |   0.0 |  12.5 |  15.2 | 9594.0
   Elven Halls |   0.3 |   0.3 |   0.0 |   0.0 |   0.9 | 1145.0
        Depths |   0.4 |   0.4 |   0.0 |   0.0 |   2.8 | 3547.0
     Labyrinth |   0.4 |   0.4 |   0.0 |   0.0 |   1.4 | 1792.0
         Sewer |   3.1 |   3.3 |   0.0 |   0.0 |   0.3 | 439.0
               +-------+-------+-------+-------+-------+----------------------
